 Dungeon Crawl Stone Soup version 0.28-a0-514-g0d7ab7f379 (webtiles) character file.

Game seed: 5799258598930733411

877 heikuro the Chopper (level 7, -2/59 (62) HPs)
             Began as a Minotaur Berserker on Sept 22, 2021.
             Was a Priest of Trog.
             Slain by a wight (12 damage)
             ... on level 6 of the Dungeon.
             The game lasted 00:06:01 (5342 turns).

heikuro the Chopper (Minotaur Berserker)            Turns: 5342, Time: 00:06:01

HP:   -2/59 (62)    AC: 10    Str: 23    XL:     7   Next: 75%
MP:   6/6           EV:  9    Int:  4    God:    Trog [***...]
Gold: 163           SH:  4    Dex: 10    Spells: 6/6 levels left

rFire   . . .      SeeInvis .   a - +0 war axe
rCold   . . .      Faith    .   c - +0 buckler
rNeg    . . .      Spirit   .   f - +0 chain mail
rPois   .          Reflect  .   (helmet restricted)
rElec   .          Harm     .   (no cloak)
rCorr   .          Rampage  .   (no gloves)
Will    .....                   i - +0 pair of boots
Stlth   ..........              (no amulet)
HPRegen 0.19/turn               (no ring)
MPRegen 0.10/turn               (no ring)

@: lightly drained
A: horns 2, retaliatory headbutt
a: Renounce Religion, Berserk, Trog's Hand


You were on level 6 of the Dungeon.
You worshipped Trog.
Trog was most pleased with you.
You visited 1 branch of the dungeon, and saw 6 of its levels.

You collected 163 gold pieces.

Inventory:

Hand Weapons
 a - a +0 war axe (weapon)
 u - a +2 battleaxe
Armour
 c - a +0 buckler (worn)
 f - a +0 chain mail (worn)
 i - a +0 pair of boots (worn)
Wands
 t - a wand of iceblast (10)
 w - a wand of paralysis (7)
Scrolls
 d - 2 scrolls of teleportation
 e - a scroll of noise {unknown}
 j - 2 scrolls of identify {unknown}
 l - a scroll of magic mapping {unknown}
 m - 2 scrolls of amnesia {unknown}
 o - a scroll of enchant weapon {unknown}
 r - a scroll of vulnerability {unknown}
 v - a scroll of summoning {unknown}
Potions
 b - 4 potions of curing {unknown}
 g - a potion of brilliance {unknown}
 h - a potion of cancellation {unknown}
 k - 2 potions of flight {unknown}
 n - a potion of berserk rage {unknown}
 p - a potion of mutation {unknown}
 q - a potion of degeneration {unknown}
 s - a potion of might {unknown}


   Skills:
 + Level 5.6 Fighting
 * Level 7.2 Axes
 + Level 4.8 Armour
 + Level 4.4 Dodging
 + Level 3.8 Shields


You had 6 spell levels left.
You didn't know any spells.
Your spell library was empty.

Dungeon Overview and Level Annotations

Branches:
Dungeon (6/15)             Temple (0/1) D:6

Altars:
Cheibriados


Innate Abilities, Weirdness & Mutations

You have a pair of horns on your head.
You reflexively headbutt those who attack you in melee.


Message History

There is an open door here.
There is a fountain of clear blue water here.
You open the door.
There is an open door here.
There is an open door here.
There is a staircase to the Ecumenical Temple here.
You open the door.
There is an open door here.
A wight comes into view.
It is wielding a +5 scimitar of freezing.
You block the wight's attack.
You hit the wight but do no damage. Your headbutt misses the wight.
The wight barely misses you. You furiously retaliate!
You headbutt the wight, but do no damage.
You hit the wight but do no damage.
The wight hits you with a +5 scimitar of freezing!
You feel drained. The wight freezes you.
You hit the wight but do no damage. Your headbutt misses the wight.
The wight hits you with a +5 scimitar of freezing.
The wight freezes you.
You are too injured to fight recklessly!
You are too injured to fight recklessly!
You are too injured to fight recklessly!
You are too injured to fight recklessly!
You barely miss the wight. The wight barely misses you.
The wight hits you with a +5 scimitar of freezing.
The wight freezes you.
You slash the wight!
The wight is heavily damaged.
The wight closely misses you.
You slash the wight!
The wight is almost destroyed.
The wight hits you with a +5 scimitar of freezing!
* * * LOW HITPOINT WARNING * * *
The wight freezes you.
* * * LOW HITPOINT WARNING * * *
You barely miss the wight.
You headbutt the wight, but do no damage.
The wight is severely damaged.
The wight hits you with a +5 scimitar of freezing!
You die...

.'....#'### #.# #............###
.#####....# #.# #..............#
..........# #.# #............#..
#####.....# #.# #...#####.#####.
........### #.# #...# #.# #.
.........# #.# ##### ###.### #.
.......#.# ###'### #.
.......#..###.###########⌠.⌠####.
.......+.......z@.......'.>.'....
.......##..##.###########⌠.⌠#####
.......# #.# ####### ####### #


You could see a wight.

Vanquished Creatures
  2 ogres
  A centaur (D:6)
  A wyvern skeleton (D:6)
  3 wights (D:6)
  A centaur zombie (D:6)
  An orc priest (D:5)
  3 iguanas
  Natasha (thrice) (D:3)
  3 orc wizards
  5 adders
  2 white imps (D:6)
  An ufetubus (D:4)
  The ghost of SirDiesAlot the Sneak, a weakling MiDe (D:5)
  3 dart slugs
  17 orcs
  4 ball pythons
  11 endoplasms
  A giant cockroach (D:2)
  3 goblins
  A hobgoblin (D:2)
  4 jackals (D:5)
  5 quokkas
  5 bats
  4 frilled lizards
  7 kobolds
  8 rats
100 creatures vanquished.

Vanquished Creatures (others)
  2 fungi (D:3)
  2 plants (D:3)
4 creatures vanquished.

Grand Total: 104 creatures vanquished

Notes
Turn   | Place    | Note
-------+----------+-------------------------------------------
     0 | D:1      | heikuro the Minotaur Berserker began the quest for the Orb.
     0 | D:1      | Reached XP level 1. HP: 19/19 MP: 0/0
   228 | D:1      | Reached XP level 2. HP: 17/27 MP: 1/1
   343 | D:1      | Reached skill level 4 in Axes
  1059 | D:2      | Reached ** piety under Trog
  1243 | D:2      | Reached XP level 3. HP: 27/33 MP: 2/2
  1508 | D:2      | Found a snail-covered altar of Cheibriados.
  1519 | D:2      | Reached skill level 1 in Shields
  1752 | D:3      | Found a faded altar of an unknown god.
  1951 | D:3      | Reached XP level 4. HP: 40/40 MP: 3/3
  2087 | D:3      | Noticed Natasha
  2093 | D:3      | Killed Natasha
  2178 | D:3      | Reached skill level 5 in Axes
  2249 | D:3      | Noticed Natasha
  2256 | D:3      | Killed Natasha
  2257 | D:3      | Reached XP level 5. HP: 47/47 MP: 4/4
  2593 | D:3      | Noticed Natasha
  2602 | D:3      | Killed Natasha
  2765 | D:4      | Noticed an ogre
  2771 | D:4      | Killed an ogre
  2772 | D:4      | Reached XP level 6. HP: 55/55 MP: 5/5
  3136 | D:4      | Reached *** piety under Trog
  3971 | D:5      | Entered Level 5 of the Dungeon
  4127 | D:5      | Reached skill level 5 in Fighting
  4173 | D:5      | Reached skill level 6 in Axes
  4500 | D:5      | Found a runed translucent gate.
  4503 | D:5      | Found a runed translucent gate.
  4504 | D:5      | Found a runed translucent gate.
  4617 | D:5      | Noticed SirDiesAlot's ghost (weakling MiDe)
  4623 | D:5      | Killed SirDiesAlot's ghost
  4687 | D:6      | Reached XP level 7. HP: 61/61 MP: 6/6
  5056 | D:6      | Reached skill level 7 in Axes
  5310 | D:6      | Found a staircase to the Ecumenical Temple.
  5342 | D:6      | Slain by a wight

Illustrated notes

Levels and vault maps discovered:
D:1:      giann_horns, layout_basic, chequers_serial_rivers_small_3
D:2:      layout_basic, basic_altar, grunt_ministairs_6
D:3:      layout_loops_ring, shapermc_ecumenical_altar_mp_urbaneastern,
          uniq_natasha
D:4:      layout_basic, minmay_between
D:5:      layout_rooms, ebering_ghost_rock_garden
D:6:      layout_basic, temple_doors_cd

Skill      XL: |  1  2  3  4  5  6  7 |
---------------+----------------------+-----
Axes           | 4 5 6 7 |  7.2
Fighting       | 4 5 |  5.6
Shields        | 1 2 3 |  3.8
Armour         | 3 4 |  4.8
Dodging        | 3 4 |  4.4

Action                   |  1- 3 |  4- 6 |  7- 9 || total
-------------------------+-------+-------+-------++-------
Melee: Hand axe          |   100 |   103 |       ||   203
       Headbutt          |    14 |    19 |     7 ||    40
       War axe           |       |     8 |    40 ||    48
Invok: Berserk           |     1 |     5 |     1 ||     7
  Use: Scroll            |     1 |       |       ||     1
Armor: Animal skin       |     7 |       |       ||     7
       Chain mail        |    40 |    56 |    12 ||   108
       Leather armour    |     2 |       |       ||     2
Dodge: Dodged            |    36 |    53 |     9 ||    98
Block: Buckler           |    14 |    20 |     8 ||    42

Table legend: (Time is in decaauts)
 A = Elapsed time spent in this place.
 B = Non-inter-level travel time spent in this place.
 C = Inter-level travel time spent in this place.
 D = Time resting spent in this place.
 E = Time spent auto-exploring this place.
 F = Levels seen in this place.
 G = Mean time per level.
                   A        B        C        D        E       F      G
               +--------+--------+--------+--------+--------+-----+--------+
         Total |   5456 |   5215 |    241 |   1029 |   3278 |   6 |  909.3 |
       Dungeon |   5456 |   5215 |    241 |   1029 |   3278 |   6 |  909.3 |
               +--------+--------+--------+--------+--------+-----+--------+

Top non-repeatable levels by time:
     D:4: 1465 daAuts
     D:3: 1046 daAuts
     D:2: 948 daAuts
     D:1: 878 daAuts
     D:6: 644 daAuts
     D:5: 474 daAuts
